 Dungeon Sprint DCSS version 0.22-a0-135-g6f012ad (webtiles) character file.

108228 theanonym the Executioner (level 16, -9/289 HPs)
             Began as a Deep Dwarf Fighter on Jan 31, 2018.
             Was the Champion of Makhleb.
             Mangled by Cebiar the pandemonium lord (10 damage)
             ... in the Dungeon (Sprint V: "Ziggurat Sprint").
             The game lasted 00:12:51 (914 turns).

theanonym the Executioner (Deep Dwarf Fighter)       Turns: 914, Time: 00:12:53

Health: -9/289     AC: 31    Str: 35    XL:     16   Next: 2%
Magic:  0/15       EV: 29    Int:  9    God:    Makhleb [******]
Gold:   0          SH:  0    Dex: 24    Spells: 15/15 levels left

rFire    + + +     SeeInvis +   H - +9 executioner's axe (vamp)
rCold    + . .     Gourm    .   (shield currently unavailable)
rNeg     + + +     Faith    .   I - +5 gold dragon scales {23 rF+ rC+ rPois}
rPois    +         Spirit   .   T - +1 helmet {SInv}
rElec    +         Reflect  .   (no cloak)
rCorr    .         Harm     .   F - +0 pair of fencer's gloves {+Riposte Dex+3}
MR       +++..     Rnd*Rage +   S - +1 pair of boots of Time Monsters {Str+2} Stlth ..........NoTele +
                                R - amulet "Gysint" {*Corrode +Rage rF+ rN+ Str+2}
HPRegen  0.00/turn              s - ring "Web Pely" {rElec rN+ MR+ Dex+3}
MPRegen  0.14/turn              G - ring of Hefael {+Fly rF+ rN+}

@: mighty, agile, berserking (expiring), lethally poisoned (-9 -> -9), corroded,
non-regenerating, hasted, very quick
A: damage resistance, heal wounds, berserk 1, negative energy resistance 1,
sense surroundings 2, no potion heal 1, subdued magic 1, no regeneration
a: Heal Wounds, Minor Destruction, Lesser Servant of Makhleb, Major Destruction,
Greater Servant of Makhleb, Renounce Religion, Evoke Berserk Rage, Evoke Flight


Innate Abilities, Weirdness & Mutations

You are resistant to damage.
You can heal yourself by infusing magical energy.
You resist negative energy. (rN+)
You passively map the area around you.
You do not regenerate.
You tend to lose your temper in combat.
Potions are less effective at restoring your health.
Your spells are a little easier to cast, but a little less powerful.


   Skills:
 * Level 24.7 Fighting
 - Level 26.0 Axes
 - Level 20.0 Armour
 * Level 20.8 Dodging
 - Level 15.0 Shields


You had 15 spell levels left.
You didn't know any spells.

Skill      XL: |  1  2  3  4  5  6  7  8  9 10 11 12 13 14 15 |
---------------+----------------------------------------------+-----
Axes           | 8 9 10 11 12 14 15 17 19 21 23 25 26 | 26.0
Fighting       | 3 5 6 7 9 10 12 13 15 17 19 21 24 | 24.7
Armour         | 4 5 6 7 9 10 11 13 15 17 19 20 | 20.0
Shields        | 4 5 6 7 9 10 11 13 15 | 15.0
Dodging        | 8 14 20 | 20.8

Action                   |  1- 3 |  4- 6 |  7- 9 | 10-12 | 13-15 | 16-18 || total
-------------------------+-------+-------+-------+-------+-------+-------++-------
Melee: Broad axe         |     9 |     5 |    31 |    97 |    38 |       ||   180
       Executioner's axe |       |       |       |       |   165 |     4 ||   169
 Abil: Heal Wounds       |       |       |     1 |     1 |     5 |       ||     7
  Use: Potion            |     1 |       |       |     1 |    12 |       ||    14
       Scroll            |       |       |     1 |     6 |     5 |       ||    12
 Stab: Distracted        |       |       |       |     3 |     1 |       ||     4
Armor: Gold dragon scale |     1 |     2 |    17 |    58 |   152 |     5 ||   235
Dodge: Dodged            |       |       |     1 |     2 |   169 |     3 ||   175
Block: Shield            |    10 |     8 |    55 |   124 |    25 |       ||   222
       Rpst.: Executioner's axe |       |       |       |       |    31 |     1 ||    32

Inventory:

Hand Weapons
 a - a +0 war axe
 H - a +9 vampiric executioner's axe (weapon)
   (You found it in the Dungeon)
Armour
 b - a +0 scale mail {10}
 c - a +0 shield
 F - the +0 pair of fencer's gloves (worn) {+Riposte Dex+3}
   (You found it in the Dungeon)

   It affects your dexterity (+3).
 I - +5 gold dragon scales (worn) {23 rF+ rC+ rPois}
   (You found it in the Dungeon)
 K - a +2 pair of boots of stealth
   (You found it in the Dungeon)
 M - a +2 pair of gloves of dexterity
   (You found it in the Dungeon)
 S - the +1 pair of boots of Time Monsters (worn) {Str+2}
   (You found it in the Dungeon)

   It affects your strength (+2).
 T - a +1 helmet of see invisible (worn)
   (You found it in the Dungeon)
 U - a +0 pair of gloves of strength
   (You found it in the Dungeon)
Jewellery
 s - the ring "Web Pely" (left hand) {rElec rN+ MR+ Dex+3}
   (You found it in the Dungeon)

   [ring of protection from magic]

   It affects your dexterity (+3).
   It insulates you from electricity.
   It protects you from negative energy.
   It affects your resistance to hostile enchantments.
 y - a +6 ring of dexterity
   (You found it in the Dungeon)
 z - a +6 ring of dexterity
   (You found it in the Dungeon)
 A - a +6 ring of intelligence
   (You found it in the Dungeon)
 C - a +6 ring of intelligence
   (You found it in the Dungeon)
 D - a +6 ring of strength
   (You found it in the Dungeon)
 E - a +6 ring of strength
   (You found it in the Dungeon)
 G - the ring of Hefael (right hand) {+Fly rF+ rN+}
   (You found it in the Dungeon)

   [ring of flight]

   It protects you from fire.
   It protects you from negative energy.
   It lets you fly.
 L - the ring "Ahoebeim" {rC+ Str+2}
   (You found it in the Dungeon)

   [ring of protection from cold]

   It affects your strength (+2).
   It protects you from cold.
 N - the ring "Hacafof" {rN+ Str+4 Int-3 Dex+3 Stlth+}
   (You acquired it in the Dungeon)

   [ring of positive energy]

   It affects your strength (+4).
   It affects your intelligence (-3).
   It affects your dexterity (+3).
   It protects you from negative energy.
   It makes you more stealthy.
 O - the ring "Xoqomm" {rElec rPois Int+7 SInv}
   (You found it in the Dungeon)

   [ring of see invisible]

   It affects your intelligence (+7).
   It insulates you from electricity.
   It protects you from poison.
   It lets you see invisible.
 P - the ring of Jouboi {rF+ Int+7}
   (You took it off a skeletal warrior in the Dungeon)

   [ring of protection from fire]

   It affects your intelligence (+7).
   It protects you from fire.
 R - the amulet "Gysint" (around neck) {*Corrode +Rage rF+ rN+ Str+2}
   (You found it in the Dungeon)

   [amulet of rage]

   It affects your strength (+2).
   It protects you from fire.
   It protects you from negative energy.
   It lets you go berserk.
   It may corrode you when you take damage.
 V - the ring of Terra Nullius {*Contam EV+5 Str+8 Stlth+}
   (You found it in the Dungeon)

   [ring of evasion]

   It affects your evasion (+5).
   It affects your strength (+8).
   It causes magical contamination when unequipped.
   It makes you more stealthy.
Wands
 u - a wand of disintegration (7)
   (You found it in the Dungeon)
 v - a wand of acid (7)
   (You found it in the Dungeon)
 x - a wand of iceblast (7)
   (You found it in the Dungeon)
Scrolls
 d - 4 scrolls of amnesia
 f - 4 scrolls of fog
 g - a scroll of holy word
 k - 4 scrolls of remove curse
 l - 2 scrolls of fear
 r - 4 scrolls of identify
 B - 4 scrolls of blinking
Potions
 h - 9 potions of haste
 i - 7 potions of magic
 j - 3 potions of agility
 m - 2 potions of might
 n - 2 potions of brilliance
 o - a potion of invisibility
 p - 4 potions of resistance {rF+ rC+}
 q - 10 potions of heal wounds
 t - 2 potions of berserk rage
 w - 10 potions of curing
Miscellaneous
 J - a lamp of fire
   (You found it in the Dungeon)
 Q - a phantom mirror
Comestibles
 e - 8 rations You were in the Dungeon. You worshipped Makhleb. Makhleb was exalted by your worship. You were hungry. You visited 1 branch

Dungeon Overview and Level Annotations

Branches:
Dungeon (1/1)

Altars:
Ashenzari
Cheibriados
Dithmenos
Elyvilon
Fedhas
Gozag
Hepliaklqana
Kikubaaqudgha
Makhleb
Nemelex Xobeh
Okawaru
Qazlal
Ru
Sif Muna
Trog
Uskayaw
Vehumet
Wu Jian
Xom
Yredelemnul
Zin
The Shining One
Beogh
Jiyva
Lugonu

..........§§§▓..........[....
........§..§§4&▓...............
,..........§§3244▓...............
..........§&34&&▓...▓.......▓...
,...▓......4▓.X44▓...............
...........X4&&&▓...............
............XX&X▓.......©.......
............X&&&▓▓▓▓▓▓▓▓▓▓▓▓▓▓▓▓
.......©....3X&@▓ , , 8 ,,,
▓▓▓▓▓▓▓▓▓▓▓▓▓▓▓▓▓ , , , , , , , ,
, ,, , , , , , , ,, , , , , , , ,
, ,, , *, , ,, ,, , , , , , ,, ,
, , , ,, , , , , ,, ,, , , , ,


You could see Burut, Cebiar, Ciunafy, Doyletsick, Fill, Omul, Uceling
(invisible), Waucw (invisible), Yfoaxe, 4 tentacled monstrosities, a soul eater,
3 large abominations, 3 hellwings, a sixfirhy, a chaos spawn and a red devil.

Notes
Turn   | Place    | Note
-------+----------+-------------------------------------------
     0 | D        | Found the +6 Majin-Bo {vamp, Archmagi MP+6 Int+6}
     0 | D        | Found the +7 great mace "Firestarter" {inner flame, rF++}
     0 | D        | theanonym the Deep Dwarf Fighter began the quest for the Orb.
     0 | D        | Reached XP level 1. HP: 20/20 MP: 1/1
     2 | D        | Found a blossoming altar of Fedhas.
     3 | D        | Found a viscous altar of Jiyva.
     3 | D        | Found a hazy altar of Hepliaklqana.
     3 | D        | Found a transporter.
     3 | D        | Found an opulent altar of Gozag.
     3 | D        | Found an ancient bone altar of Kikubaaqudgha.
     3 | D        | Found a corrupted altar of Lugonu.
    10 | D        | Banished a spatial maelstrom
    13 | D        | Found a burning altar of Makhleb.
    14 | D        | Found a sacrificial altar of Ru.
    14 | D        | Found a stormy altar of Qazlal.
    14 | D        | Found a deep blue altar of Sif Muna.
    14 | D        | Found an iron altar of Okawaru.
    14 | D        | Found a bloodstained altar of Trog.
    14 | D        | Found a sparkling altar of Nemelex Xobeh.
    31 | D        | Found the +9 heavy crossbow "Sniper" {velocity, Acc+∞ SInv}
    31 | D        | Found the +10 dark maul {crush}
    31 | D        | Found the +15 Maxwell's patent armour {-Cast -Tele rElec MR+ rCorr}
    31 | D        | Found the +18 shield of the Gong {rElec rN+ MR+ EV-5}
    31 | D        | Found the cursed +14 obsidian axe {chop, +Fly SInv *Curse}
    32 | D        | Found the +6 shillelagh "Devastator" {shatter}
    32 | D        | Found the +11 plutonium sword {*Contam Stlth-}
    32 | D        | Found the +8 lance "Wyrmbane" {slay drac, rPois rF+ rC+ AC+3}
    32 | D        | Found the +9 sword of Zonguldrok {reap}
    32 | D        | Found the cursed +13 scythe of Curses {drain, *Curse}
    32 | D        | Found the +0 sword of Power
    32 | D        | Found the +7 mace of Variability {chaos}
    32 | D        | Found the +7 Singing Sword
    32 | D        | Found the +7 longbow "Piercer" {penet, EV-2}
    34 | D        | Became a worshipper of Makhleb the Destroyer
    71 | D        | Reached skill level 8 in Axes
    71 | D        | Reached XP level 2. HP: 27/27 MP: 2/2
    81 | D        | Entered arena 2.
    81 | D        | Found a transporter.
    86 | D        | Reached skill level 3 in Fighting
    92 | D        | Entered arena 3.
    92 | D        | Noticed a wight
    92 | D        | Noticed a phantom
    92 | D        | Found a transporter.
    94 | D        | Reached * piety under Makhleb
    96 | D        | Killed a wight
    96 | D        | Reached skill level 9 in Axes
    96 | D        | Reached skill level 4 in Armour
    96 | D        | Reached skill level 4 in Shields
    96 | D        | Reached XP level 3. HP: 36/36 MP: 3/3
    97 | D        | Killed a phantom
    97 | D        | Reached skill level 5 in Fighting
    97 | D        | Reached XP level 4. HP: 46/46 MP: 4/4
   103 | D        | Entered arena 4.
   103 | D        | Noticed a jumping spider
   103 | D        | Found a transporter.
   106 | D        | Reached ** piety under Makhleb
   106 | D        | Reached skill level 10 in Axes
   106 | D        | Reached skill level 5 in Armour
   106 | D        | Reached skill level 5 in Shields
   106 | D        | Reached XP level 5. HP: 50/52 MP: 5/5
   107 | D        | Killed a jumping spider
   107 | D        | Reached skill level 6 in Fighting
   107 | D        | Reached skill level 11 in Axes
   107 | D        | Reached skill level 6 in Armour
   107 | D        | Reached skill level 6 in Shields
   107 | D        | Reached XP level 6. HP: 63/63 MP: 6/6
   108 | D        | Reached skill level 7 in Fighting
   115 | D        | Entered arena 5.
   115 | D        | Noticed a jumping spider
   115 | D        | Noticed a tarantella
   115 | D        | Noticed a jumping spider
   115 | D        | Found a transporter.
   117 | D        | Reached *** piety under Makhleb
   118 | D        | Killed a tarantella
   118 | D        | Reached XP level 7. HP: 72/72 MP: 7/7
   119 | D        | Killed a jumping spider
   119 | D        | Reached skill level 8 in Fighting
   119 | D        | Reached skill level 12 in Axes
   119 | D        | Reached skill level 7 in Armour
   119 | D        | Reached skill level 7 in Shields
   121 | D        | Killed a jumping spider
   126 | D        | Got the amulet "Fyoskiet" {*Contam +Rage MR+ SInv}
   129 | D        | Entered arena 6.
   129 | D        | Noticed a tarantella
   129 | D        | Noticed a tarantella
   129 | D        | Found a transporter.
   130 | D        | Killed a tarantella
   130 | D        | Reached **** piety under Makhleb
   131 | D        | Killed a tarantella
   131 | D        | Reached skill level 9 in Fighting
   131 | D        | Reached XP level 8. HP: 85/85 MP: 8/8
   132 | D        | Reached skill level 8 in Shields
   133 | D        | Reached skill level 13 in Axes
   133 | D        | Reached skill level 8 in Armour
   141 | D        | Entered arena 7.
   142 | D        | Found a transporter.
   144 | D        | Reached ***** piety under Makhleb
   151 | D        | Got the cursed ring of Vienarua {rC+++ EV-5 Str-2 Slay-5 Stlth+}
   160 | D        | Entered arena 8.
   161 | D        | Found a transporter.
   166 | D        | Reached ****** piety under Makhleb
   171 | D        | Got the ring of Nohoh {+Inv MR++ Int+4 Dex-5 SInv}
   181 | D        | Entered arena 9.
   181 | D        | Noticed a merfolk
   181 | D        | Noticed a merfolk
   181 | D        | Noticed a cyclops
   181 | D        | Noticed a merfolk
   181 | D        | Noticed a hippogriff
   182 | D        | Found a transporter.
   183 | D        | Killed a hippogriff
   184 | D        | Killed a merfolk
   187 | D        | Reached skill level 10 in Fighting
   188 | D        | Killed a merfolk
   189 | D        | Killed a merfolk
   189 | D        | Reached skill level 14 in Axes
   189 | D        | Reached skill level 9 in Armour
   189 | D        | Reached skill level 9 in Shields
   189 | D        | Gained mutation: You passively map the area around you. [Deep Dwarf growth]
   189 | D        | Reached XP level 9. HP: 94/94 MP: 9/9
   191 | D        | Killed a cyclops
   195 | D        | Got the ring "Ahoebeim" {rC+ Str+2}
   198 | D        | Entered arena 10.
   198 | D        | Noticed a meliai
   198 | D        | Noticed an unseen horror
   198 | D        | Noticed a fire crab
   199 | D        | Found a transporter.
   199 | D        | a meliai changed into an eye of draining
   200 | D        | Killed an unseen horror
   200 | D        | Reached skill level 11 in Fighting
   202 | D        | Killed a fire crab
   202 | D        | Reached skill level 15 in Axes
   202 | D        | Reached skill level 10 in Armour
   202 | D        | Reached skill level 10 in Shields
   206 | D        | Noticed a polar bear
   206 | D        | a soldier ant changed into a polar bear
   208 | D        | Killed a polar bear
   219 | D        | Entered arena 11.
   219 | D        | Noticed a toenail golem
   219 | D        | Noticed a toenail golem
   220 | D        | Found a transporter.
   226 | D        | Reached skill level 12 in Fighting
   226 | D        | Reached XP level 10. HP: 106/106 MP: 5/10
   226 | D        | Killed a toenail golem
   227 | D        | Killed a toenail golem
   229 | D        | Reached skill level 16 in Axes
   247 | D        | Entered arena 12.
   247 | D        | Noticed a reaper
   247 | D        | Noticed a flayed ghost
   248 | D        | Noticed a skeletal warrior
   249 | D        | Found a transporter.
   252 | D        | HP: 54/108 [flayed ghost/flay_damage (18)]
   253 | D        | Killed a flayed ghost
   253 | D        | Reached skill level 11 in Armour
   253 | D        | Reached skill level 11 in Shields
   255 | D        | Killed a reaper
   255 | D        | Reached skill level 13 in Fighting
   259 | D        | Killed a skeletal warrior
   273 | D        | Entered arena 13.
   273 | D        | Noticed a deep elf high priest
   273 | D        | Noticed a deep elf mage
   273 | D        | Noticed a deep elf sorcerer
   273 | D        | Noticed a deep elf knight
   274 | D        | Found the +3 giant club "Skullcrusher" {speed, Str+7}
   274 | D        | Noticed a deep elf annihilator
   274 | D        | Noticed a deep elf mage
   274 | D        | Noticed a deep elf annihilator
   274 | D        | Noticed a deep elf mage
   274 | D        | Noticed a deep elf knight
   275 | D        | Found a transporter.
   275 | D        | Noticed a sixfirhy
   283 | D        | Killed a deep elf annihilator
   283 | D        | Reached skill level 17 in Axes
   283 | D        | Reached XP level 11. HP: 104/118 MP: 11/11
   286 | D        | Killed a deep elf knight
   286 | D        | Reached skill level 12 in Armour
   286 | D        | Reached skill level 12 in Shields
   287 | D        | Killed a deep elf mage
   287 | D        | Killed a deep elf mage
   287 | D        | Reached skill level 14 in Fighting
   288 | D        | Killed a deep elf annihilator
   290 | D        | Killed a deep elf mage
   293 | D        | Killed a deep elf high priest
   293 | D        | Reached skill level 18 in Axes
   293 | D        | Killed a deep elf sorcerer
   294 | D        | Killed a deep elf knight
   294 | D        | Reached skill level 13 in Armour
   302 | D        | Entered arena 14.
   303 | D        | Noticed a white ugly thing
   303 | D        | Noticed a red very ugly thing
   304 | D        | Noticed a purple ugly thing
   304 | D        | Noticed a shining eye
   306 | D        | Found a transporter.
   307 | D        | Reached skill level 13 in Shields
   309 | D        | Noticed a shining eye
   309 | D        | a redback changed into a shining eye
   310 | D        | Reached skill level 15 in Fighting
   311 | D        | a shining eye changed into a cyclops
   316 | D        | Killed a red very ugly thing
   316 | D        | Killed a red ugly thing
   316 | D        | Reached skill level 19 in Axes
   316 | D        | Noticed a lindwurm
   316 | D        | a yaktaur changed into a lindwurm
   316 | D        | Gained mutation: Your spells are a little easier to cast, but a little less powerful. [a shining eye]
   318 | D        | Noticed a shining eye
   318 | D        | a cyclops changed into a shining eye
   318 | D        | Killed a white ugly thing
   319 | D        | Noticed a deep troll
   319 | D        | a lindwurm changed into a deep troll
   319 | D        | Gained mutation: You tend to lose your temper in combat. [a shining eye]
   321 | D        | Gained mutation: Potions are less effective at restoring your health. [a shining eye]
   322 | D        | Killed a shining eye
   322 | D        | Killed a deep troll
   322 | D        | Reached XP level 12. HP: 132/132 MP: 8/12
   336 | D        | Got a faintly glowing bronze ring
   337 | D        | Identified the ring "Hacafof" {rN+ Str+4 Int-3 Dex+3 Stlth+} (You acquired it in the Dungeon)
   349 | D        | Got the ring "Xoqomm" {rElec rPois Int+7 SInv}
   353 | D        | Entered arena 15.
   353 | D        | Noticed a vampire mage
   353 | D        | Noticed a vampire mage
   360 | D        | Noticed a vampire knight
   360 | D        | Noticed a lich
   360 | D        | Noticed a vampire knight
   362 | D        | Killed a vampire mage
   363 | D        | Killed a vampire mage
   365 | D        | Found a transporter.
   367 | D        | Paralysed by a vampire knight for 6 turns
   369 | D        | Noticed a Brimstone Fiend
   375 | D        | HP: 61/133 [lich/bolt of cold (11)]
   377 | D        | Killed a lich
   377 | D        | Reached skill level 16 in Fighting
   377 | D        | Reached skill level 14 in Armour
   377 | D        | Reached skill level 14 in Shields
   381 | D        | Killed a vampire knight
   381 | D        | Reached skill level 20 in Axes
   381 | D        | Killed a vampire knight
   389 | D        | Got the ring of Jouboi {rF+ Int+7}
   396 | D        | Entered arena 16.
   397 | D        | Noticed a merfolk aquamancer
   397 | D        | Noticed a merfolk aquamancer
   398 | D        | Noticed a merfolk javelineer
   398 | D        | Noticed a merfolk impaler
   398 | D        | Noticed a merfolk aquamancer
   398 | D        | Identified the +7 dagger of Tenacity {freeze, rN++}
   400 | D        | Found a transporter.
   406 | D        | Killed a merfolk aquamancer
   408 | D        | Killed a merfolk aquamancer
   409 | D        | Killed a merfolk aquamancer
   409 | D        | Reached skill level 17 in Fighting
   413 | D        | Killed a merfolk javelineer
   416 | D        | Reached skill level 15 in Armour
   416 | D        | Reached skill level 15 in Shields
   419 | D        | Reached skill level 21 in Axes
   425 | D        | Killed a merfolk impaler
   425 | D        | Reached XP level 13. HP: 145/145 MP: 13/13
   431 | D        | Got the ring "Web Pely" {rElec rN+ MR+ Dex+3}
   435 | D        | Entered arena 17.
   442 | D        | Noticed a mummy priest
   442 | D        | Noticed a mummy priest
   442 | D        | Noticed a greater mummy
   446 | D        | HP: 59/145 [??? (31)]
   451 | D        | Noticed a jiangshi
   453 | D        | HP: 66/145 [greater mummy/divine providence (11)]
   458 | D        | HP: 54/145 [guardian mummy/+2 halberd of flaming (12)]
   461 | D        | Found a transporter.
   464 | D        | HP: 37/144 [??? (14)]
   466 | D        | Killed a mummy priest
   472 | D        | HP: 36/145 [flayed ghost/flay_damage[a greater mummy] (14)]
   474 | D        | Killed a mummy priest
   485 | D        | Killed a greater mummy
   485 | D        | Reached skill level 18 in Fighting
   485 | D        | Reached skill level 22 in Axes
   485 | D        | Reached skill level 16 in Armour
   507 | D        | Entered arena 18.
   511 | D        | Found the +0 pair of fencer's gloves {+Riposte Dex+3}
   512 | D        | Found a transporter.
   550 | D        | Got the ring of Hefael {+Fly rF+ rN+}
   560 | D        | Entered arena 19.
   568 | D        | Noticed a dire elephant
   568 | D        | Noticed a spriggan defender
   569 | D        | Noticed a spriggan defender
   569 | D        | Noticed a thorn hunter
   570 | D        | Found the +4 dagger "Morg" {pain, MR+ Int+5}
   575 | D        | Reached skill level 2 in Dodging
   580 | D        | Noticed a thorn hunter
   582 | D        | Killed a spriggan defender
   582 | D        | Reached skill level 19 in Fighting
   582 | D        | Reached skill level 3 in Dodging
   585 | D        | Killed a spriggan defender
   585 | D        | Reached skill level 4 in Dodging
   590 | D        | Killed a thorn hunter
   590 | D        | Reached skill level 23 in Axes
   590 | D        | Reached skill level 5 in Dodging
   590 | D        | Reached skill level 6 in Dodging
   593 | D        | Killed a dire elephant
   593 | D        | Reached skill level 7 in Dodging
   594 | D        | Reached skill level 17 in Armour
   597 | D        | Reached skill level 8 in Dodging
   597 | D        | Gained mutation: You resist negative energy. (rN+) [Deep Dwarf growth]
   597 | D        | Reached XP level 14. HP: 160/160 MP: 3/13
   603 | D        | Reached skill level 9 in Dodging
   620 | D        | Killed a thorn hunter
   620 | D        | Reached skill level 20 in Fighting
   620 | D        | Reached skill level 10 in Dodging
   625 | D        | Found a transporter.
   631 | D        | Got the +1 pair of boots of Time Monsters {Str+2}
   644 | D        | Entered arena 20.
   653 | D        | Noticed a stone giant
   654 | D        | Found the +8 whip "Snakebite" {curare, rPois}
   654 | D        | Found a transporter.
   654 | D        | Noticed a frost giant
   659 | D        | Reached skill level 24 in Axes
   662 | D        | Reached skill level 11 in Dodging
   667 | D        | Killed a stone giant
   669 | D        | Noticed a stone giant
   670 | D        | Reached skill level 12 in Dodging
   670 | D        | Killed a frost giant
   670 | D        | Reached skill level 18 in Armour
   682 | D        | Killed a stone giant
   693 | D        | Got the amulet of Doubts {Regen+ Int+3}
   713 | D        | Entered arena 21.
   719 | D        | Noticed a curse toe
   719 | D        | Noticed a golden dragon
   719 | D        | Noticed a storm dragon
   720 | D        | Noticed a storm dragon
   720 | D        | Noticed a tentacled monstrosity
   720 | D        | Noticed a tentacled monstrosity
   720 | D        | Noticed a ghost moth
   720 | D        | Noticed an Orb Guardian
   722 | D        | Noticed an Orb Guardian
   722 | D        | HP: 77/163 [purple draconian/bolt of dispelling energy (27)]
   723 | D        | Noticed a purple draconian stormcaller
   727 | D        | Killed an Orb Guardian
   727 | D        | Reached skill level 13 in Dodging
   727 | D        | Reached skill level 21 in Fighting
   729 | D        | Killed a golden dragon
   729 | D        | Reached skill level 25 in Axes
   730 | D        | Killed a storm dragon
   733 | D        | Killed a ghost moth
   734 | D        | Killed a tentacled monstrosity
   734 | D        | Reached skill level 14 in Dodging
   734 | D        | Killed an Orb Guardian
   738 | D        | Killed a storm dragon
   741 | D        | Killed a tentacled monstrosity
   741 | D        | Reached skill level 19 in Armour
   741 | D        | Reached XP level 15. HP: 175/175 MP: 1/14
   754 | D        | Killed a curse toe
   754 | D        | Reached skill level 22 in Fighting
   754 | D        | Reached skill level 26 in Axes
   754 | D        | Reached skill level 15 in Dodging
   759 | D        | Found a transporter.
   769 | D        | Entered arena 22.
   780 | D        | Noticed a shadow dragon
   782 | D        | Noticed a shadow dragon
   782 | D        | Noticed a shadow dragon
   783 | D        | Noticed a shadow dragon
   783 | D        | Noticed a shadow dragon
   791 | D        | Reached skill level 16 in Dodging
   796 | D        | Killed a shadow dragon
   797 | D        | Killed a shadow dragon
   803 | D        | Killed a shadow dragon
   803 | D        | Reached skill level 17 in Dodging
   803 | D        | Reached skill level 20 in Armour
   806 | D        | Killed a shadow dragon
   806 | D        | Reached skill level 23 in Fighting
   807 | D        | Killed a shadow dragon
   808 | D        | Reached skill level 18 in Dodging
   811 | D        | Found a transporter.
   824 | D        | Entered arena 23.
   832 | D        | Noticed an Ice Fiend
   832 | D        | Noticed an Ice Fiend
   836 | D        | HP: 80/180 [??? (35)]
   841 | D        | Killed an Ice Fiend
   841 | D        | Reached skill level 19 in Dodging
   842 | D        | HP: 84/181 [Ice Fiend/bolt of cold (16)]
   846 | D        | Killed an Ice Fiend
   846 | D        | Reached skill level 24 in Fighting
   852 | D        | Found a transporter.
   865 | D        | Got the amulet "Gysint" {*Corrode +Rage rF+ rN+ Str+2}
   870 | D        | Got the ring of Terra Nullius {*Contam EV+5 Str+8 Stlth+}
   883 | D        | Entered arena 24.
   891 | D        | Noticed Burut the pandemonium lord
   891 | D        | Noticed Qob Dinn the pandemonium lord
   891 | D        | Noticed Ciunafy the pandemonium lord
   891 | D        | Noticed Cebiar the pandemonium lord
   891 | D        | Noticed Uceling the pandemonium lord
   892 | D        | Found the +7 Kryia's mail coat {PotionHeal*2 rC+}
   892 | D        | Noticed Fill the pandemonium lord
   892 | D        | Noticed Waucw the pandemonium lord
   892 | D        | Noticed Finkusau the pandemonium lord
   893 | D        | Noticed a tentacled monstrosity
   893 | D        | Noticed Dumuar the pandemonium lord
   893 | D        | Noticed Dotohoeq the pandemonium lord
   893 | D        | Noticed Vukacosot the pandemonium lord
   893 | D        | Noticed Omul the pandemonium lord
   899 | D        | Noticed a tentacled monstrosity
   899 | D        | Noticed Peuhien the pandemonium lord
   900 | D        | Noticed Yfoaxe the pandemonium lord
   901 | D        | HP: 75/181 [Peuhien the pandemonium lord (19)]
   905 | D        | Noticed a tentacled monstrosity
   906 | D        | HP: 56/271 [Burut the pandemonium lord (4)]
   908 | D        | Noticed Doyletsick the pandemonium lord
   908 | D        | Noticed Arher the pandemonium lord
   910 | D        | Killed Peuhien the pandemonium lord
   910 | D        | Reached skill level 20 in Dodging
   910 | D        | Reached XP level 16. HP: 77/193 MP: 1/15
   912 | D        | Noticed a tentacled monstrosity
   912 | D        | Noticed a tentacled monstrosity
   912 | D        | HP: 1/289 [Burut the pandemonium lord (35)]
   914 | D        | Noticed Cucauw the pandemonium lord
   914 | D        | Mangled by Cebiar the pandemonium lord

Vanquished Creatures
  A pandemonium lord (D)
  A greater mummy (D)
  A curse toe (D)
  A golden dragon (D)
  2 tentacled monstrosities (D)
  2 Ice Fiends (D)
  2 Orb Guardians (D)
  A lich (D)
  2 thorn hunters (D)
  2 storm dragons (D)
  5 shadow dragons (D)
  A deep elf sorcerer (D)
  A ghost moth (D)
  A frost giant (D)
  2 spriggan defenders (D)
  2 reapers (D)
  4 ghouls (D)
  A draconian stormcaller (D)
  A very ugly thing (D)
  2 vampire knights (D)
  2 stone giants (D)
  A green draconian (D)
  4 purple draconians (D)
  2 yellow draconians (D)
  2 black draconians (D)
  A dire elephant (D)
  2 deep elf annihilators (D)
  5 white draconians (D)
  A merfolk javelineer (D)
  A blizzard demon (D)
  A deep elf high priest (D)
  2 mummy priests (D)
  A merfolk impaler (D)
  6 spriggan air magi (D)
  5 two-headed ogres (D)
  A hydra (D)
  2 merfolk aquamancers (D)
  A satyr (D)
  A death scarab (D)
  2 vampire magi (D)
  2 spriggan berserkers (D)
  5 soul eaters (D)
  2 skeletal warriors (D)
  A flayed ghost (D)
  2 spriggan druids (D)
  A deep troll (shapeshifter) (D)
  3 deep elf magi (D)
  An ugly thing (D)
  A harpy (D)
  A necromancer (D)
  A manticore (D)
  A shining eye (D)
  9 cyclopes (D)
  A shining eye (shapeshifter) (D)
  2 moths of wrath (D)
  2 spiny frogs (D)
  A water nymph (D)
  2 freezing wraiths (D)
  A dryad (D)
  A rime drake (shapeshifter) (D)
  2 tormentors (D)
  4 guardian mummies (D)
  4 ice devils (D)
  A wind drake (D)
  A queen bee (shapeshifter) (D)
  A jumping spider (D)
  3 merfolk (D)
  3 trolls (D)
  A polar bear (shapeshifter) (D)
  A hippogriff (D)
  A blink frog (D)
  A blink frog (shapeshifter) (D)
  A hippogriff (shapeshifter) (D)
  A snapping turtle (D)
  A shadow (D)
  A wraith (D)
  3 flying skulls (D)
  A redback (D)
  A wyvern (D)
  A fire elemental (D)
  2 ushabtiu (D)
  A basilisk (D)
  3 neqoxecs (D)
  5 water moccasins (D)
  An orc warrior (D)
  2 porcupines (D)
  A black bear (shapeshifter) (D)
  An ogre (shapeshifter) (D)
  3 ogres (D)
  An eye of draining (shapeshifter) (D)
  2 necrophages (D)
  A crocodile (D)
  A wolf (D)
  3 centaurs (D)
  2 bullfrogs (D)
  6 earth elementals (D)
  3 scorpions (D)
  2 wights (D)
  A quasit (D)
  An iron imp (D)
  3 mummies (D)
  An adder (D)
  A shadow imp (D)
  4 white imps (D)
  8 adder zombies (D)
  3 adder skeletons (D)
  3 orcs (D)
  A ball python (D)
  4 bat skeletons (D)
  6 bat zombies (D)
  A ball python skeleton (D)
  A ball python zombie (D)
  3 giant cockroach zombies (D)
  3 jackal skeletons (D)
  2 leopard gecko skeletons (D)
  A quokka skeleton (D)
  A quokka zombie (D)
239 creatures vanquished.

Vanquished Creatures (collateral kills)
  A merfolk aquamancer (D)
  A fire crab (shapeshifter) (D)
  2 deep elf knights (D)
  A skeletal warrior (D)
  An unseen horror (shapeshifter) (D)
  A flayed ghost (D)
  An ugly thing (D)
  2 toenail golems (D)
  A merfolk siren (D)
  A spiny frog (D)
  A red devil (D)
  2 jumping spiders (D)
  A merfolk (D)
  A hippogriff (D)
  3 tarantellas (D)
  A neqoxec (D)
  An orc warrior (D)
  A phantom (D)
  A centaur (D)
  An earth elemental (D)
  4 scorpions (D)
  2 wights (D)
  A quasit (D)
  An orc wizard (D)
  A mummy (D)
  An adder skeleton (D)
  A bat zombie (D)
  A leopard gecko skeleton (D)
37 creatures vanquished.

Vanquished Creatures (others)
  A spatial maelstrom (D)
  A water elemental (D)
  3 briar patches (D)
5 creatures vanquished.

Grand Total: 281 creatures vanquished

Table legend:
 A = Turns spent in this place as a percentage of turns spent in the entire game.
 B = Non-inter-level travel turns spent in this place as a percentage of non-inter-level travel turns spent in the entire game.
 C = Inter-level travel turns spent in this place as a percentage of turns spent in this place.
 D = Turns resting spent in this place as a percentage of non-inter-level travel turns spent in this place.
 E = Turns spent auto-exploring this place as a percentage of non-inter-level travel turns spent in this place.
 F = Non-inter-level travel turns spent in this place divided by the number of levels of this place that you've seen.
                   A       B       C       D       E      F
               +-------+-------+-------+-------+-------+----------------------
         Total | 100.0 | 100.0 |   1.2 |   0.0 |   7.2 | 903.0
       Dungeon | 100.0 | 100.0 |   1.2 |   0.0 |   7.2 | 903.0
               +-------+-------+-------+-------+-------+----------------------
